 Dungeon Crawl Stone Soup version 0.29.1-15-g9cfb28693d (webtiles) character file.

Game seed: 3823691315353512548

3 Inchmeat the Magician (level 1, 0/13 HPs)
             Began as a Demonspawn Hedge Wizard on Mar 7, 2023.
             Slain by a giant cockroach (1 damage)
             ... on level 1 of the Dungeon.
             The game lasted 00:02:39 (286 turns).

Inchmeat the Magician (Demonspawn Hedge Wizard)      Turns: 286, Time: 00:02:41

Health: 0/13       AC:  2    Str: 10    XL:     1   Next: 41%
Magic:  0/4        EV: 12    Int: 15    God:
Gold:   11         SH:  0    Dex: 12    Spells: 5/6 levels left

rFire   . . .      SeeInvis .   a - +0 dagger
rCold   . . .      Faith    .   (no shield)
rNeg    . . .      Spirit   .   b - +0 robe
rPois   .          Reflect  .   c - +0 hat
rElec   .          Harm     .   (no cloak)
rCorr   .          Rampage  .   (no gloves)
Will    .....                   (no boots)
Stlth   ++........              (no amulet)
HPRegen 0.04/turn               (no ring)
MPRegen 0.09/turn               (no ring)

@: very slightly contaminated
A: no striking features
a: no special abilities


You were on level 1 of the Dungeon.
You visited 1 branch of the dungeon, and saw 1 of its levels.

You collected 11 gold pieces.

Inventory:

Hand Weapons
 a - a +0 dagger (weapon)
Armour
 b - a +0 robe (worn)
 c - a +0 hat (worn)
 h - a +0 scale mail
Jewellery
 i - an amulet of faith
Scrolls
 e - a scroll of immolation {unknown}
 f - a scroll of magic mapping {unknown}
 j - a scroll of identify {unknown}
Potions
 d - a potion of magic
 g - a potion of might {unknown}


   Skills:
 + Level 1.7 Dodging
 + Level 1.7 Stealth
 + Level 3.2 Spellcasting
 + Level 1.0 Conjurations
 + Level 1.0 Summonings
 + Level 0.8 Translocations


You had 5 spell levels left.
You knew the following spells:

 Your Spells              Type           Power      Damage    Failure   Level
a - Magic Dart            Conj           20%        1d4       13%         1

Your spell library contained the following spells:

 Spells                   Type           Power      Damage    Failure   Level
 Slow                     Hex            8%         N/A       21%         1
 Call Imp                 Summ           5%         N/A       21%         2
 Blink                    Tloc           8%         N/A       22%         2
 Conjure Flame            Conj/Fire      3%         6-21      43%         3
 Mephitic Cloud           Conj/Pois/Air  3%         N/A       45%         3


Dungeon Overview and Level Annotations

Branches:
Dungeon (1/15)

Altars:


Message History

You see here a frilled lizard skeleton.
Aiming: Magic Dart (safe; 13% risk of failure)
Press: ? - help, Q - select action Shift-Dir - straight line, f/p - kobold
Aim: a kobold, wielding a +0 whip and quivering stones (100% to hit)
The magic dart hits the giant cockroach but does no damage.
The giant cockroach is severely wounded.
The giant cockroach bites you.
* * * LOW HITPOINT WARNING * * *
You don't have enough magic to cast this spell.
You don't have enough magic to cast this spell.
The giant cockroach closely misses you.
The giant cockroach attacks as you move away!
The giant cockroach barely misses you.
Unknown command.
The giant cockroach attacks as you move away!
The giant cockroach closely misses you. The giant cockroach closely misses you.
The giant cockroach attacks as you move away!
The giant cockroach closely misses you.
The kobold throws a stone.
The stone closely misses you.
The giant cockroach attacks as you move away!
The giant cockroach bites you.
* * * LOW HITPOINT WARNING * * *
Aiming: Magic Dart (safe; 13% risk of failure)
Press: ? - help, Q - select action Shift-Dir - straight line, f/p - kobold
Aim: a kobold, wielding a +0 whip and quivering stones (100% to hit)
You miscast Magic Dart.
You are very lightly contaminated with residual magic.
Nothing appears to happen.
The giant cockroach barely misses you. The giant cockroach closely misses you.
The kobold throws a stone.
The stone closely misses you. The giant cockroach closely misses you.
The giant cockroach barely misses you.
Aiming: Magic Dart (safe; 13% risk of failure)
Press: ? - help, Q - select action Shift-Dir - straight line, f/p - kobold
Aim: a kobold, wielding a +0 whip and quivering stones (100% to hit)
The magic dart hits the giant cockroach but does no damage.
The giant cockroach is heavily wounded.
The giant cockroach bites you.
You die...

##...#..<..#...##
##...###...###...## ##...##
##### ##...## ##...## #...#
##...##
##...######.#.######...##
#..#........#........#..#
.....
#.##.#...##.#.###..#.##.#
##...
#.#..###.##.#..#.###..#.#
.....
#.......B@.......รท......#
.....
#####.K###########..#####
....## ##..## ##..## .....#
##..## ##..## #....#######
##.K## ##..##
#..........#####..###..##
#.........)....##..#..##
####......####.###...##
..........####.###...########


You could see a giant cockroach and a kobold.

Vanquished Creatures
  A hobgoblin (D:1)
  A bat (D:1)
  2 frilled lizards (D:1)
4 creatures vanquished.

Notes
Turn   | Place    | Note
-------+----------+-------------------------------------------
     0 | D:1      | Inchmeat the Demonspawn Hedge Wizard began the quest for
                  | the Orb.
     0 | D:1      | Reached XP level 1. HP: 13/13 MP: 4/4
   286 | D:1      | Slain by a giant cockroach

Illustrated notes

Levels and vault maps discovered:
D:1:      dpeg_chamrin_arrival_tetris, layout_basic, serial_shops,
          nicolae_shop_stone, nicolae_lakefront_shop, shop, shop,
          shapermc_ecumenical_altar_gd

Action                   || total
-------------------------++-------
Melee: Dagger            ||    14
 Cast: Magic Dart        ||     4
Armor: Robe              ||     5
Dodge: Dodged            ||    27
